 Dungeon Crawl Stone Soup version 0.20.0 (webtiles) character file.

70 Llamajah the Sneak (level 4, -1/34 HPs)
             Began as a Spriggan Assassin on July 13, 2017.
             Slain by a gnoll
             ... wielding a +0 halberd
              (2 damage)
             ... on level 3 of the Dungeon.
             The game lasted 00:09:40 (2793 turns).

Llamajah the Sneak (Spriggan Assassin)              Turns: 2793, Time: 00:09:40

Health: -1/34      AC: 22    Str:  7    XL:     4   Next: 4%
Magic:  5/5        EV:  4    Int: 12    God:
Gold:   127        SH:  0    Dex: 18    Spells: 3/3 levels left

rFire    . . .     SeeInvis +   a - +2 dagger
rCold    . . .     Gourm    .   (shield restricted)
rNeg     + + +     Faith    .   (armour currently unavailable)
rPois    +         Spirit   .   (helmet currently unavailable)
rElec    .         Reflect  .   (cloak currently unavailable)
rCorr    +         Harm     .   (gloves unavailable)
MR       .....     NoTele   +   (boots unavailable)
Stlth    ++++......             (no amulet)
Regen    0.2/turn               l - ring of resist corrosion
MPRegen  0.1/turn               (no ring)

@: tree-form, berserk cooldown, slowed, very slow
A: unfitting armour, see invisible, herbivore 3, slow metabolism 2
a: no special abilities


You were on level 3 of the Dungeon.
You were not hungry.
You were a tree.
You visited 1 branch of the dungeon, and saw 3 of its levels.

You collected 127 gold pieces.

Inventory:

Hand Weapons
 a - a +2 dagger (weapon)
 b - a +0 blowgun
Missiles
 e - 22 poisoned needles
 f - 2 curare-tipped needles
Armour
 c - a +0 robe
 d - a +0 cloak (melded)
 p - a +0 robe of positive energy (melded)
Jewellery
 l - a ring of resist corrosion (left branch)
Scrolls
 r - a scroll of immolation {unknown}
 s - a scroll of identify {unknown}
Potions
 h - a potion of curing {unknown}
 k - a potion of agility {unknown}
 m - a potion of lignification
 n - a potion of berserk rage
 o - 2 potions of brilliance {unknown}
 q - a potion of invisibility {unknown}
 t - a potion of flight {unknown}
Comestibles
 g - 2 bread rations
 j - 4 fruits


   Skills:
 + Level 2.1 Fighting
 + Level 2.5 Short Blades
 + Level 2.5 Throwing
 * Level 3.0 Dodging
 * Level 6.7 Stealth


You had 3 spell levels left.
You didn't know any spells.

Dungeon Overview and Level Annotations

Branches:
Dungeon (3/15)

Altars:
Gozag
Kikubaaqudgha

Annotations:
D:2 2 transporters


Innate Abilities, Weirdness & Mutations

You are very small and have problems with some larger weapons.
You are too small for most types of armour.
You have supernaturally acute eyesight. (SInv)
You are a herbivore.
((You cover ground extremely quickly.))
You need consume almost no food.


Message History

Your roots penetrate the ground.
You cannot move.
Welcome back, Llamajah the Spriggan Assassin.
Press ? for a list of commands and other information.
You cannot move.
You cannot move.
You cannot move.
You cannot move.
You cannot move.
You cannot move.
You cannot move.
You cannot move.
You swing at nothing.
You swing at nothing.
* * * LOW HITPOINT WARNING * * *
You feel sick.
You are no longer poisoned.
You swing at nothing.
The gnoll hits you from afar with a halberd.
You die...

####.# ##### #....# ...(#
#.##.# ###.###.##.#
#.....#.##.# #.#####.##.#
######### ..<.....##.#
#.......#
##########.#######.### .##
..zz.z........†.♣....#....
##########.#######g#.#.#.##
#.# #..........# ...
#.#.#g#.#..# .....
#.#.#.#.#..# #...... #
#.#.# #..####### #.......
..#.###......... ....#####
###g#.....###### #..
########.#.#.#.# ..


You could see 2 gnolls.

Vanquished Creatures
  Jessica (D:3)
  2 worms
  2 dart slugs (D:1)
  A leopard gecko (D:2)
  A giant cockroach (D:1)
  7 goblins
  3 hobgoblins (D:1)
  4 jackals (D:3)
  3 bats
  7 kobolds
  2 rats
33 creatures vanquished.

Vanquished Creatures (others)
  A kobold (D:2)
1 creature vanquished.

Grand Total: 34 creatures vanquished

Notes
Turn   | Place    | Note
-------+----------+-------------------------------------------
     0 | D:1      | Llamajah the Spriggan Assassin began the quest for the Orb.
     0 | D:1      | Reached XP level 1. HP: 10/10 MP: 2/2
    68 | D:1      | Reached skill level 6 in Stealth
   651 | D:1      | Reached XP level 2. HP: 12/14 MP: 3/3
  1881 | D:2      | Reached XP level 3. HP: 18/18 MP: 4/4
  1894 | D:2      | Found an opulent altar of Gozag.
  1899 | D:2      | Noticed a centaur
  2677 | D:3      | Found an ancient bone altar of Kikubaaqudgha.
  2694 | D:3      | Noticed Jessica
  2705 | D:3      | Killed Jessica
  2705 | D:3      | Reached XP level 4. HP: 20/23 MP: 5/5
  2788 | D:3      | HP: 1/23 [poisoned by a kobold]
  2793 | D:3      | Slain by a gnoll

Skill      XL: |  1  2  3 |
---------------+----------+-----
Stealth        | 6 |  6.7
Dodging        | 2 3 |  3.0
Fighting       | 2 |  2.1
Short Blades   | |  2.5
Throwing       | |  2.5

Action                   |  1- 3 |  4- 6 || total
-------------------------+-------+-------++-------
Melee: Dagger            |   144 |     7 ||   151
 Fire: Blowgun           |     3 |       ||     3
  Use: Scroll            |     2 |       ||     2
       Potion            |       |     2 ||     2
 Stab: Sleeping          |    10 |       ||    10
Armor: Robe              |    14 |     1 ||    15
Dodge: Dodged            |    96 |     4 ||   100
